[Event "*** Titled Tuesday Blitz"]
[Site "Chess.com"]
[Date "2020.02.04"]
[Round "9"]
[White "King_of_the_wing"]
[Black "earling8018"]
[Result "0-1"]
[WhiteElo "2025"]
[BlackElo "2054"]
[TimeControl "180+2"]
[EndTime "15:10:19 PST"]
[Termination "earling8018 won by resignation"]

1. e4 e5 2. Nf3 Nc6 3. c3 d6 4. d4 Bd7 5. Bb5 Nf6 6. Bg5 Be7 7. Nbd2 O-O 8. Bxc6 Bxc6 9. dxe5 Nxe4 10. Bxe7 Qxe7 11.
exd6 Qxd6 12. Nxe4 Qxd1+ 13. Rxd1 Bxe4 14. Rd7 Rac8 15. O-O Bc6 16. Re7 Rfe8 17. Rfe1 Kf8 18. Rxe8+ Rxe8 19. Rxe8+ Kxe8 20. Ne5 Bd5 21. c4 Be6 22. b3 f6 23. Nf3 Ke7 24. Nd4 Bd7 25. f4 Kd6 26.
Kf2 Kc5 27. Nc2 Bf5 28. Ne3 Bb1 29. a3 Kd4 30. Nd5 c6 31. Nc7 Ba2 32. Ne6+ Ke4 33. Nxg7 Bxb3 34. c5 Kxf4 35. Ne8 Ke5 36. Nd6 b6 37. cxb6 axb6 38. Nc8 b5 39. Ke3 c5 40. Na7 Bc4 41. g4 Kd5 42. h4 b4 43.
axb4 cxb4 44. Kd2 Ke4 45. Nc6 b3 46. g5 fxg5 47. hxg5 Kf5 48. Kc3 Bf7 49. Nd4+ Kxg5 50.
Nf3+ Kf4 51. Nd4 h5 52. Ne2+ Kg4 0-1

[Event "*** Titled Tuesday Blitz"]
[Site "Chess.com"]
[Date "2020.02.04"]
[Round "9"]
[White "jefferyx"]
[Black "Korchmar_Vasiliy"]
[Result "1/2-1/2"]
[WhiteElo "2916"]
[BlackElo "2809"]
[TimeControl "180+2"]
[EndTime "15:10:21 PST"]
[Termination "Game drawn - insufficient material"]

1. e4 c5 2. Nf3 d6 3. Bb5+ Bd7 4. c4 Nf6 5. Nc3 Bxb5 6. cxb5 g6 7. d4 cxd4 8. Nxd4 Bg7 9. O-O O-O 10. Qe2 Nbd7 11. Rd1 Rc8 12. Bg5 h6 13. Bh4 Re8 14. Rac1 Qb6 15. Nb3 Ne5 16. Kh1 e6 17. f4 Nc4 18. e5 dxe5 19. Bxf6 Bxf6 20. Ne4 Bg7 21. Rxc4 Rxc4 22. Qxc4 exf4 23. Qc5 f5 24. Nc3 e5 25.
Qc4+ Kh7 26. Rd7 Rd8 27. Rxd8 Qxd8 28. Qd5 Qh4 29. Qd2 e4 30. Nd5 f3 31. gxf3 exf3 32.
Ne3 g5 33. Qd3 Qe1+ 34. Nf1 Qe4 35. Qxe4 fxe4 36. Nbd2 Kg6 37. Ng3 Bxb2 38. Ndxe4 g4 39. Kg1 h5 40. Kf1 Bd4 41. Nh1 h4 42. Nhf2 Kf5 43. Nd6+ Kf4 44. Nh1 b6 45. Nc8 g3 46.
hxg3+ hxg3 47. Nxg3 Kxg3 48. Nxa7 Kf4 49. Nc6 Bc3 50.
a4 Ke4 51. a5 bxa5 52. b6 Bd2 53. b7 Bf4 54. Nxa5 Kd5 55. Kf2 Kc5 56. Kxf3 Bb8 57.
Ke4 Kb6 58. Kd5 Kxa5 59. Kc6 Ka6 60. Kd7 Kxb7 1/2-1/2

[Event "*** Titled Tuesday Blitz"]
[Site "Chess.com"]
[Date "2020.02.04"]
[Round "9"]
[White "Hrant_ChessMood"]
[Black "olksuna"]
[Result "1-0"]
[WhiteElo "2899"]
[BlackElo "2618"]
[TimeControl "180+2"]
[EndTime "15:10:24 PST"]
[Termination "Hrant_ChessMood won on time"]

1. e4 d6 2. d4 Nf6 3. Nc3 Nbd7 4. Nf3 e5 5. Bc4 Be7 6. a4 O-O 7. a5 c6 8. O-O Qc7 9. Qe2 exd4 10. Nxd4 Ne5 11.
Bb3 Bd7 12. f4 Ng6 13. h3 Rfe8 14. Be3 b5 15. axb6 axb6 16. Rxa8 Rxa8 17. Qf3 b5 18.
Ncxb5 cxb5 19. e5 Re8 20. exf6 Bxf6 21. Qd5 Re7 22. Ra1 h6 23. Bd2 Qc5 24. c3 b4 25.
Qxc5 dxc5 26. Nf3 bxc3 27. bxc3 Bc6 28. Kf2 Rb7 29. Ra3 Nh4 30. Nxh4 Bxh4+ 31. g3 Be7 32. Bc4 g6 33. Ra6 Be4 34. Ke3 Bb1 35. Bd5 Rb2 36.
c4 Rb8 37. Bc3 Re8 38. Kd2 Bf8 39. Ra7 Re7 40. Ra8 Bf5 41. g4 Be6 42. Kd3 Rd7 43. Ke4 Re7 44. Kf3 Rd7 45. Ke4 Re7 46. Be5 f5+ 47. Kf3 Bxd5+ 48. cxd5 Rd7 49. Ra6 fxg4+ 50. hxg4 Kf7 51. Rf6+ Ke8 52. Ke4 g5 53. f5 c4 54.
Re6+ Kf7 55. Rc6 Re7 56. f6 Re8 57. Kf5 1-0

[Event "*** Titled Tuesday Blitz"]
[Site "Chess.com"]
[Date "2020.02.04"]
[Round "9"]
[White "Gogolev_Artemy"]
[Black "Barcelona_Guy"]
[Result "1/2-1/2"]
[WhiteElo "2527"]
[BlackElo "2635"]
[TimeControl "180+2"]
[EndTime "15:10:32 PST"]
[Termination "Game drawn by repetition"]

1. d4 Nf6 2. c4 g6 3. g3 Bg7 4.
Bg2 d5 5. Nf3 dxc4 6. Na3 O-O 7.
Nxc4 c5 8. O-O Be6 9. Nce5 cxd4 10. Nxd4 Bd5 11. Ndf3 Nc6 12. Bf4 Qa5 13. Bd2 Qa6 14.
Nxc6 Bxc6 15. Bc3 Rfd8 16. Qb3 Bd5 17. Qc2 Be4 18. Qb3 Qxe2 19. Rfe1 Qa6 20. Bxf6 Bd5 21. Bxg7 Bxb3 22. axb3 Qxa1 23. Rxa1 Kxg7 24. Ne5 Rac8 25. Bxb7 Rc2 26. Rxa7 Rd1+ 27. Kg2 Rdd2 28. Be4 Rxf2+ 29. Kg1 Rxb2 30. Nd3 Ra2 31. Nxf2 Rxa7 32. b4 f5 33. Bc6 e5 34. b5 Ra1+ 35. Kg2 Rb1 36. Nd3 Kf6 37.
Nc5 e4 38. b6 Ke5 39. b7 Kd6 40.
Nd7 Rb2+ 41. Kf1 Rxb7 42. Bxb7 Kxd7 43. Kf2 Ke6 44. Ke3 Ke5 45. Bc6 h6 46. Be8 g5 47. Bg6 f4+ 48. Ke2 Kd4 49. Bf5 Ke5 50.
Bh7 Kd4 51. g4 Ke5 52. Bf5 Kd4 53. Bg6 Ke5 54. Kd2 Kd4 55. Be8 f3 56. Bc6 e3+ 57.
Ke1 f2+ 58. Ke2 Ke5 59. Bg2 Kf4 60. h3 Kg3 61. Bf1 Kf4 62. Bg2 Kg3 63. Bf1 Kf4 64.
Bg2 1/2-1/2

[Event "*** Titled Tuesday Blitz"]
[Site "Chess.com"]
[Date "2020.02.04"]
[Round "9"]
[White "hansen"]
[Black "enriquetejedor"]
[Result "1-0"]
[WhiteElo "2870"]
[BlackElo "2541"]
[TimeControl "180+2"]
[EndTime "15:11:05 PST"]
[Termination "hansen won by resignation"]

1. e4 c6 2. Nc3 d5 3. Nf3 dxe4 4.
Nxe4 Nd7 5. d4 Ngf6 6. Nxf6+ Nxf6 7. Bc4 Bf5 8. O-O e6 9. a4 h6 10. c3 Bd6 11. Re1 O-O 12. h3 Qc7 13. Qe2 Rac8 14.
Bb3 Rfd8 15. Ne5 c5 16. dxc5 Qxc5 17. Bf4 Qb6 18. Ba2 Nd5 19. Bg3 Bb8 20. Rad1 Nf6 21. Nc4 Qc5 22. Bxb8 Rxb8 23. Ne5 Qc7 24. Nf3 Be4 25.
Nd4 Bd5 26. Bb1 a6 27. Qe3 Rd7 28. Bc2 Rbd8 29. Ne2 Bc6 30. Nd4 Bd5 31. b3 b6 32.
Bd3 Bb7 33. Bc4 Nd5 34. Bxd5 Rxd5 35. Rd2 e5 36. Nf3 Rxd2 37. Nxd2 Qc6 38. f3 f6 39. Ne4 Kh7 40. Ng3 Qd5 41. Qxb6 Rd6 42. Qb4 Qd2 43. Re2 Qd1+ 44. Kh2 Bc8 45. c4 Rd8 46. Qc3 Bf5 47. Re1 Qc2 48. Rc1 Qxc3 49. Rxc3 Bg6 50.
c5 a5 51. c6 Rc8 52. c7 f5 53. Rc5 e4 54. fxe4 fxe4 55. Nf1 Bf7 56. Ne3 Bxb3 57.
Nf5 Bxa4 58. Nd6 Rf8 59. c8=Q Rxc8 60. Rxc8 e3 61. Rc7 e2 62. Re7 Bd1 63. Kg1 a4 64. Kf2 Kg8 65. Ra7 Kf8 66. Nf5 g6 67.
Nd4 Ke8 68. Nxe2 Kd8 69. Nc3 1-0

[Event "*** Titled Tuesday Blitz"]
[Site "Chess.com"]
[Date "2020.02.04"]
[Round "9"]
[White "Volodar_Murzin"]
[Black "GadimbayliA"]
[Result "1/2-1/2"]
[WhiteElo "2655"]
[BlackElo "2897"]
[TimeControl "180+2"]
[EndTime "15:11:39 PST"]
[Termination "Game drawn - insufficient material"]

1. d4 Nf6 2. Nf3 b6 3. Bf4 e6 4.
Nbd2 d5 5. h3 Bd6 6. e3 O-O 7.
c3 c5 8. Bd3 Nc6 9. O-O Bxf4 10. exf4 cxd4 11. Nxd4 Nxd4 12. cxd4 Qd6 13. g3 Qb4 14.
Nb3 Bd7 15. a3 Qa4 16. Bc2 Qa6 17. Nd2 Bb5 18. Re1 Bd3 19. Re3 Bxc2 20. Qxc2 Rfc8 21. Qd1 Rc7 22. Rc1 Rac8 23. Rxc7 Rxc7 24. Kg2 g6 25. g4 Qc8 26. Qb3 Qb8 27. f5 exf5 28. gxf5 Nh5 29.
Qb5 Rc8 30. fxg6 hxg6 31. Nf3 Nf4+ 32. Kf1 Rc1+ 33. Re1 Rxe1+ 34. Nxe1 Qc8 35. Qb3 Qf5 36. Qf3 g5 37. Qg4 Qxg4 38. hxg4 Ne6 39. Nc2 Kg7 40. Ke2 Kf6 41. Ke3 Ke7 42. Nb4 Kd6 43. Nd3 f6 44. f3 Nf8 45. Kd2 Ng6 46. Kc3 Nh4 47.
Ne1 f5 48. gxf5 Nxf5 49. Kd3 Nh4 50. Ke3 Ke6 51. Nd3 Nf5+ 52. Kf2 Nxd4 53. Kg3 Kf5 54.
Nb4 Ne2+ 55. Kf2 Nf4 56. Nc6 a5 57. b4 axb4 58. axb4 Ke6 59. Kg3 Kd6 60. Nd4 Nd3 61. Kg4 Nxb4 62. Kxg5 Ke5 63. Ne2 Nd3 64. f4+ Nxf4 65.
Nxf4 b5 66. Nd3+ Kd4 67. Nc1 Ke3 68. Kf5 d4 69. Ke5 d3 70. Nb3 b4 71. Kd5 d2 72.
Nxd2 Kxd2 73. Kc4 b3 74. Kxb3 1/2-1/2